 Dungeon Crawl Stone Soup version 0.30-b1-2-g02819fbbbe (webtiles) character file.

Game seed: 11817734256144317111

40950 raph the Frost Mage (level 14, -13/104 HPs)
             Began as a Merfolk Ice Elementalist on May 20, 2023.
             Was a High Priest of Sif Muna.
             Killed from afar by a lindwurm (31 damage)
             ... with a blast of flame
             ... summoned by Kirke
             ... on level 5 of the Lair of Beasts.
             The game lasted 00:43:13 (19599 turns).

raph the Frost Mage (Merfolk Ice Elementalist)     Turns: 19599, Time: 00:43:13

Health: -13/104    AC:  0    Str:  9    XL:     14   Next: 13%
Magic:  10/26      EV: 19    Int: 18    God:    Sif Muna [*****.]
Gold:   1664       SH:  5    Dex: 15    Spells: 12/29 levels left

rFire   . . .        p - melded staff of poison "Udaam" {rPois rC++ MP+9}
rCold   . . .        I - melded +0 buckler
rNeg    . . .        O - melded +3 steam dragon scales
rPois   .            t - melded +1 helmet
rElec   .            w - melded +1 cloak
rCorr   .            g - melded +1 pair of gloves
SInv    .            F - melded +0 pair of boots
Will    +....        B - amulet of reflection
Stlth   ++           C - melded +5 ring of evasion
HPRegen 0.37/turn    v - melded +4 ring of protection
MPRegen 0.20/turn

%: reflection
@: pig-form, slowed, studying Short Blades
A: fast, no casting, small, (nimble swimmer 2), (mertail)
a: Renounce Religion, Channel Magic, Forget Spell, Divine Exegesis


You were on level 5 of the Lair of Beasts.
You worshipped Sif Muna.
Sif Muna was extremely pleased with you.
You were a filthy swine.
You visited 3 branches of the dungeon, and saw 15 of its levels.

You collected 1664 gold pieces.

Inventory:

Hand Weapons
 f - a +0 war axe
 h - a +3 short sword of freezing
 z - a +2 halberd of venom
Missiles
 d - 20 poisoned darts
 E - a curare-tipped dart
 K - 9 javelins
Armour
 g - a +1 pair of gloves (melded)
 t - a +1 helmet (melded)
 w - a +1 cloak (melded)
 F - a +0 pair of boots (melded)
 I - a +0 buckler (melded)
 O - +3 steam dragon scales (melded)
Magical Staves
 p - the staff of poison "Udaam" (melded) {rPois rC++ MP+9}
   (You found it on level 3 of the Dungeon)

   [staff of poison]

   Base accuracy: +5 Base damage: 5 Base attack delay: 1.2 This weapon's minimum
   attack delay (0.6) is reached at skill level 12.
   rC:        It greatly protects you from cold.
   rPois:     It protects you from poison.
   MP:        It affects your magic capacity (+9).
   It falls into the 'Staves' category.
   It is a two-handed weapon.
Jewellery
 o - a +6 ring of dexterity
 v - a +4 ring of protection (melded)
 B - an amulet of reflection (around neck)
 C - a +5 ring of evasion (melded)
 D - a +6 ring of dexterity
 G - a ring of resist corrosion
 J - a ring of positive energy
 L - a ring of ice
 Q - a ring of ice
Wands
 a - a wand of flame (6)
 u - a wand of paralysis (20)
 y - a wand of polymorph (10)
 U - a wand of light (5)
 V - a wand of mindburst (7)
 W - a wand of digging (6)
Scrolls
 l - 3 scrolls of teleportation
 r - 2 scrolls of fear
 A - 4 scrolls of amnesia
 N - 2 scrolls of poison
 P - a scroll of brand weapon
 R - a scroll of blinking
 S - a scroll of silence
 X - 4 scrolls of identify
 Y - a scroll of summoning
Potions
 b - a potion of magic
 c - 2 potions of lignification
 e - 6 potions of attraction
 i - 4 potions of curing
 j - a potion of resistance
 k - 5 potions of haste
 m - a potion of flight
 n - 3 potions of ambrosia
 q - 7 potions of brilliance
 s - 2 potions of might
 x - 5 potions of heal wounds
 H - 4 potions of mutation
 T - a potion of berserk rage
Miscellaneous
 M - a box of beasts


   Skills:
 + Level 7.7 Fighting
 + Level 3.5 Staves
 + Level 9.6 Dodging
 - Level 2.1 Stealth
 + Level 4.2 Shields
 + Level 8.2 Spellcasting
 + Level 3.0 Hexes
 * Level 8.2 Summonings
 * Level 14.7 Ice Magic
 + Level 7.2 Poison Magic
 + Level 7.6 Invocations
 + Level 6.5 Evocations


You had 12 spell levels left.
You knew the following spells:

 Your Spells              Type           Power      Damage    Failure   Level
a - Freeze                Ice            100%       1d10      1%          1
b - Frozen Ramparts       Ice            100%       1d16      1%          3
c - Ozocubu's Armour      Ice            57%        N/A       1%          3
d - Ensorcelled Hibernat  Hex/Ice        78%        N/A       1%          2
e - Summon Ice Beast      Ice/Summ       48%        N/A       1%          4
f - Hailstorm             Conj/Ice       33%        3d8       1%          3
g - Summon Small Mammal   Summ           100%       N/A       1%          1

Your spell library contained the following spells:

 Spells                   Type           Power      Damage    Failure   Level
 Spider Form              Tmut/Pois      20%        N/A       6%          3
 Confusing Touch          Hex            18%        N/A       9%          3
 Tukima's Dance           Hex            18%        N/A       9%          3
 Apportation              Tloc           14%        N/A       10%         1
 Kiss of Death            Conj/Necr      28%        2d7       10%         1
 Necrotise                Necr           28%        1d5       10%         1
 Shock                    Conj/Air       28%        1d4       10%         1
 Passwall                 Tmut/Erth      5%         N/A       14%         2
 Searing Ray              Conj           14%        2d5       14%         2
 Dazzling Flash           Conj/Hex       24%        N/A       16%         3
 Portal Projectile        Hex/Tloc       24%        N/A       16%         3
 Summon Mana Viper        Hex/Summ       27%        N/A       26%         5
 Swiftness                Air            7%         N/A       28%         3
 Anguish                  Hex/Necr       6%         N/A       45%         4
 Airstrike                Air            3%         2d(1-17)  67%         4
 Dispel Undead            Necr           7%         3d8       67%         4
 Passage of Golubria      Tloc           7%         N/A       67%         4
 Silence                  Hex/Air        6%         N/A       82%         5
 Yara's Violent Unravell  Hex/Tmut       6%         3d5       82%         5
 Agony                    Necr           7%         N/A       95%         5
 Blade Hands              Tmut           3%         N/A       95%         5
 Iskenderun's Battlesphe  Conj           7%         2d6       95%         5
 Monstrous Menagerie      Summ           18%        N/A       95%         7
 Conjure Ball Lightning   Conj/Air       3%         3x3d6     100%        6
 Spellforged Servitor     Conj/Summ      11%        N/A       100%        7


Dungeon Overview and Level Annotations

Branches:
Dungeon (9/15)             Temple (1/1) D:6            Lair (5/5) D:9
 Shoals (0/4) Lair:3       Spider (0/4) Lair:2        Slime (0/5) Lair:4
    Orc (0/2) D:9

Altars:
Ashenzari
Cheibriados
Dithmenos
Elyvilon
Fedhas
Gozag
Hepliaklqana
Kikubaaqudgha
Makhleb
Nemelex Xobeh
Okawaru
Qazlal
Ru
Sif Muna
Trog
Uskayaw
Vehumet
Wu Jian
Xom
Yredelemnul
Zin
The Shining One
Jiyva

Shops:
D:2 [   D:7 (   D:9 =

Annotations:
Lair:4 3 runed translucent doors, Ceyroiss's ghost, journeyman HuWn
Lair:5 Kirke


Innate Abilities, Weirdness & Mutations

You are a filthy swine.
You move quickly.
Your equipment is almost entirely melded.
You are incapable of wielding weapons or throwing items.
You cannot cast spells.
((You are very nimble when in or above water. (Stealth+, EV+, Speed+++)))
((Your lower body shifts to a powerful aquatic tail in water.))


Message History

The manticore flicks its tail.
The volley of spikes hits you!!
The barbed spikes become lodged in your body.
You closely miss Kirke.
Kirke is almost dead.
Kirke casts a spell at you.
You feel a momentary urge to oink.
You barely miss Kirke.
Kirke is almost dead.
Kirke gestures wildly while chanting.
Kirke summons a lindwurm!
The manticore bites you. The manticore misses you.
The manticore barely misses you.
You barely miss Kirke.
Kirke is almost dead.
Kirke gestures at you while chanting.
You feel a momentary urge to oink. The manticore barely misses you.
The manticore misses you. The manticore barely misses you.
You closely miss Kirke.
Kirke is almost dead.
Kirke hits you with a +0 broad axe. The manticore misses you.
The manticore completely misses you. The manticore claws you.
Kirke barely misses you.
You hit Kirke but do no damage.
Kirke is almost dead.
You carefully extract the barbed spikes from your body.
The manticore bites you. The manticore claws you! The manticore claws you.
Kirke hits you with a +0 broad axe! The manticore bites you!!
* * * LOW HITPOINT WARNING * * *
The manticore claws you but does no damage.
The manticore claws you!
* * * LOW HITPOINT WARNING * * *
Okay, then.
Blink to where?
Press: ? - help, Dir - move target, p - Kirke Your icy armour will break if you move.
Continue?
Your icy armour cracks and falls away as you move.
As you read the scroll of blinking, it crumbles to dust.
The lindwurm breathes flames at you. The blast of flame hits you!!
You die...

#..#.......P..
######..........
#.##......†..... ...
#........#...!. ..
#........####.. #..
########....#..# ##. #..
##.##.# #.....#.# ## ##..
####.#...###...##### ##
#...# #§H.....h......# #.
##....###@k............# #.
#....Y.†#.....###...(..#
#.. ##...†#†......#
###....... ..##
###...#.P...###
#..........#
#.....##......##
....P....##
###............P)....####..
##...............#..# ##
#...........#.### ###


You could see Kirke, a manticore (summoned) and a lindwurm (summoned, catching
breath).

Vanquished Creatures
  2 hydras
  3 boulder beetles
  A two-headed ogre (D:9)
  Urug (Lair:4)
  4 skysharks
  An ugly thing (D:7)
  A cyclops (D:7)
  18 elephants
  3 black mambas
  6 cane toads
  A gargoyle (D:7)
  4 rime drakes
  13 komodo dragons
  2 polar bears
  A troll (D:9)
  2 hornets
  4 dream sheep (Lair:4)
  A snapping turtle (Lair:3)
  24 yaks
  4 wyverns
  4 hogs (Lair:5)
  2 steam dragons (D:8)
  2 basilisks
  18 water moccasins
  5 orc warriors (D:9)
  2 black bears (D:4)
  2 sky beasts
  An ogre (D:5)
  22 wolves
  6 centaurs
  A phantom (D:6)
  A kobold brigand (D:7)
  A gnoll sergeant (D:9)
  9 bullfrogs
  10 scorpions
  3 wights (D:8)
  5 killer bees (D:8)
  3 electric eels (D:9)
  4 howler monkeys
  A jelly (D:7)
  6 orc priests
  A gnoll bouda (D:5)
  A sleepcap (D:5)
  3 iguanas
  12 orc wizards
  30 gnolls
  6 adders
  A shadow imp (D:7)
  A white imp (D:7)
  An ufetubus (D:6)
  5 worms
  6 dart slugs
  24 orcs
  6 endoplasms
  2 giant cockroaches
  22 hobgoblins
  4 quokkas
  8 ball pythons
  6 bats
  4 frilled lizards
  34 goblins
  8 kobolds
  22 rats
411 creatures vanquished.

Vanquished Creatures (collateral kills)
  Fannar (Lair:2)
  A hydra (Lair:5)
  Maggie (Lair:2)
  2 cane toads
  3 komodo dragons
  A polar bear (Lair:4)
  7 yaks
  A basilisk (Lair:5)
  3 water moccasins
  An orc warrior (D:9)
  An ice beast (D:6)
  2 wolves
  2 phantoms (D:5)
  A nameless horror (D:5)
  A gnoll sergeant (D:6)
  2 scorpions (Lair:2)
  A wight (D:8)
  A jelly (D:5)
  2 orc priests (D:9)
  3 hounds (D:9)
  2 gnolls
  3 white imps
  6 orcs
48 creatures vanquished.

Vanquished Creatures (others)
  A bush (Lair:5)
  31 fungi
  29 plants
61 creatures vanquished.

Grand Total: 520 creatures vanquished

Notes
Turn   | Place    | Note
-------+----------+-------------------------------------------
     0 | D:1      | raph the Merfolk Ice Elementalist began the quest for the
                  | Orb.
     0 | D:1      | Reached XP level 1. HP: 13/13 MP: 3/3
   135 | D:1      | Reached XP level 2. HP: 19/19 MP: 0/5
   258 | D:1      | Reached skill level 5 in Ice Magic
   503 | D:1      | Reached XP level 3. HP: 23/24 MP: 1/6
   507 | D:1      | Learned a level 3 spell: Frozen Ramparts
  1160 | D:2      | Found Useblalit's Antique Armour Shop.
  1809 | D:2      | Reached skill level 6 in Ice Magic
  1910 | D:2      | Reached XP level 4. HP: 30/30 MP: 3/7
  2234 | D:3      | Found a burning altar of Makhleb.
  2480 | D:3      | Learned a level 3 spell: Ozocubu's Armour
  2684 | D:3      | Identified the staff of poison "Udaam" {rPois rC++ MP+9}
  3116 | D:3      | Reached XP level 5. HP: 35/35 MP: 2/8
  3541 | D:4      | Found an iron altar of Okawaru.
  3633 | D:4      | Reached skill level 7 in Ice Magic
  3860 | D:4      | Reached XP level 6. HP: 41/41 MP: 10/10
  4082 | D:4      | Learned a level 2 spell: Ensorcelled Hibernation
  4893 | D:4      | Found a broken altar of Ashenzari.
  5081 | D:4      | Reached skill level 8 in Ice Magic
  5246 | D:4      | Identified a scroll of acquirement
  5246 | D:4      | Acquired 680 gold pieces
  5757 | D:4      | Noticed a black bear
  5758 | D:4      | Found a bloodstained altar of Trog.
  5758 | D:4      | Noticed a black bear
  5770 | D:4      | Killed a black bear
  5771 | D:4      | Reached XP level 7. HP: 41/46 MP: 11/12
  5929 | D:5      | Entered Level 5 of the Dungeon
  5935 | D:5      | Learned a level 4 spell: Summon Ice Beast
  6035 | D:5      | Reached skill level 1 in Summonings
  6035 | D:5      | Reached skill level 9 in Ice Magic
  6160 | D:5      | Paralysed by a gnoll bouda for 2 turns
  6166 | D:5      | Reached XP level 8. HP: 44/52 MP: 8/14
  6445 | D:5      | Found an ancient bone altar of Kikubaaqudgha.
  6967 | D:6      | Acquired raph's Commentary on Violence
  6992 | D:6      | Reached skill level 10 in Ice Magic
  7029 | D:6      | Learned a level 3 spell: Hailstorm
  7109 | D:6      | Found a staircase to the Ecumenical Temple.
  7128 | Temple   | Entered the Ecumenical Temple
  7194 | Temple   | Became a worshipper of Sif Muna the Loreminder
  7843 | D:6      | Reached skill level 5 in Spellcasting
  8001 | D:7      | Noticed a hornet
  8007 | D:7      | Paralysed by a hornet for 2 turns
  8007 | D:7      | Killed a hornet
  8008 | D:7      | Reached skill level 1 in Fighting
  8008 | D:7      | Reached skill level 1 in Invocations
  8008 | D:7      | Reached XP level 9. HP: 36/59 MP: 13/16
  8008 | D:7      | Noticed a cyclops
  9194 | D:7      | Noticed a gargoyle
  9215 | D:7      | Killed a gargoyle
  9216 | D:7      | Reached skill level 1 in Poison Magic
  9216 | D:7      | Reached skill level 1 in Evocations
  9350 | D:7      | Found a basalt altar of Yredelemnul.
  9400 | D:7      | Reached * piety under Sif Muna
  9401 | D:7      | Reached skill level 11 in Ice Magic
  9479 | D:7      | Found a sacrificial altar of Ru.
  9481 | D:7      | Noticed a purple ugly thing
  9491 | D:7      | Killed a purple ugly thing
  9492 | D:7      | Reached skill level 1 in Staves
  9700 | D:7      | Found Jat Etue's Weapon Emporium.
  9870 | D:7      | Reached XP level 10. HP: 70/70 MP: 18/18
  9893 | D:7      | Found an opulent altar of Gozag.
 10099 | D:7      | Killed a cyclops
 10100 | D:7      | Reached skill level 5 in Dodging
 10888 | D:9      | Found a glowing silver altar of Zin.
 11016 | D:9      | Reached skill level 5 in Summonings
 11283 | D:9      | Noticed a +0 short sword
 11284 | D:9      | Noticed a +0 spear
 11285 | D:9      | Noticed a +0 falchion
 11285 | D:9      | Noticed a +0 dagger
 11286 | D:9      | Noticed a +0 spear
 11295 | D:9      | Found a hide-covered altar of Uskayaw.
 11296 | D:9      | Noticed a +0 dagger
 11296 | D:9      | Noticed a +0 short sword
 11298 | D:9      | Noticed a +0 falchion
 11519 | D:9      | Reached ** piety under Sif Muna
 11677 | D:9      | Found a staircase to the Lair.
 11686 | D:9      | Reached skill level 12 in Ice Magic
 11699 | D:9      | Noticed a two-headed ogre
 11869 | D:9      | Killed a two-headed ogre
 11870 | D:9      | Reached XP level 11. HP: 71/78 MP: 20/20
 12355 | D:9      | Found Dynoroq's Jewellery Shoppe.
 12568 | D:9      | Found a staircase to the Orcish Mines.
 12799 | Lair:1   | Entered Level 1 of the Lair of Beasts
 13253 | Lair:1   | Reached skill level 5 in Fighting
 13253 | Lair:1   | Reached skill level 5 in Invocations
 13327 | Lair:1   | Reached *** piety under Sif Muna
 14058 | Lair:2   | Noticed Maggie
 14064 | Lair:2   | Reached skill level 5 in Poison Magic
 14071 | Lair:2   | Killed Maggie
 14072 | Lair:2   | Reached skill level 13 in Ice Magic
 14072 | Lair:2   | Reached XP level 12. HP: 64/87 MP: 4/22
 14421 | Lair:2   | Noticed a skyshark
 14443 | Lair:2   | Killed a skyshark
 14444 | Lair:2   | Reached skill level 1 in Shields
 14665 | Lair:2   | Noticed a boulder beetle
 14673 | Lair:2   | Killed a boulder beetle
 14674 | Lair:2   | Reached skill level 5 in Evocations
 14861 | Lair:2   | Found a hole to the Spider Nest.
 15014 | Lair:2   | Noticed Fannar
 15017 | Lair:2   | Noticed a skyshark
 15033 | Lair:2   | Killed a skyshark
 15098 | Lair:2   | Killed Fannar
 15330 | Lair:2   | Reached **** piety under Sif Muna
 16260 | Lair:3   | Reached XP level 13. HP: 86/95 MP: 24/24
 16504 | Lair:3   | Reached skill level 1 in Hexes
 16593 | Lair:3   | Reached skill level 14 in Ice Magic
 16774 | Lair:3   | Found a staircase to the Shoals.
 17346 | Lair:4   | Noticed Urug
 17368 | Lair:4   | Killed Urug
 17834 | Lair:4   | Reached ***** piety under Sif Muna
 17940 | Lair:4   | Found a staircase to the Slime Pits.
 18202 | Lair:4   | Found a runed translucent gate.
 18202 | Lair:4   | Found a runed translucent gate.
 18202 | Lair:4   | Found a runed translucent gate.
 18202 | Lair:4   | Noticed an acid blob
 18205 | Lair:4   | Noticed an acid blob
 18205 | Lair:4   | Noticed an azure jelly
 18205 | Lair:4   | Noticed an azure jelly
 18205 | Lair:4   | Noticed an acid blob
 18206 | Lair:4   | Noticed an azure jelly
 18206 | Lair:4   | Noticed Ceyroiss's ghost (journeyman HuWn)
 18206 | Lair:4   | Noticed a great orb of eyes
 18206 | Lair:4   | Noticed an azure jelly
 18206 | Lair:4   | Noticed an acid blob
 18427 | Lair:4   | Noticed an acid blob
 18430 | Lair:4   | Found a viscous altar of Jiyva.
 18472 | Lair:5   | Entered Level 5 of the Lair of Beasts
 18572 | Lair:5   | Received a gift from Sif Muna
 18644 | Lair:5   | Learned a level 1 spell: Summon Small Mammal
 19173 | Lair:5   | Reached XP level 14. HP: 96/103 MP: 24/26
 19468 | Lair:5   | Noticed Kirke
 19599 | Lair:5   | Killed from afar by a lindwurm

Illustrated notes

Levels and vault maps discovered:
D:1:      roderic_chinese_lattice_arrival, layout_loops_ring,
          minmay_tromino_v4_b
D:2:      layout_basic, serial_shops, shop, minmay_rat_hole
D:3:      layout_loops_ring, bloody_makhleb, minmay_diced_spiral
D:4:      minmay_goblin_kobold_castle, layout_cave_pods,
          overflow_temple_1_default, trog_ov_bears_minmay,
          mainiacjoe_overflow_concentric_impassable
D:5:      layout_rooms, kennysheep_mini
D:6:      layout_basic, minmay_temple_entry_mist, minmay_misc_feat_columns
D:7:      hellmonk_crumbling_castle, layout_basic, marbit_many_paths,
          mainiacjoe_overflow_catwalk, nicolae_ru_awakened_eye, serial_shops,
          nicolae_take_the_stairs, minmay_manual_monstrance
D:8:      layout_rooms
D:9:      layout_grid_maze, lemuel_tele_altar, nicolae_uskayaw_en_pointe,
          erik_lair_island, david_orc_4, serial_shops, shop
Temple:   nicolae_temple_ecumenical_triangle
Lair:1:   layout_hall_layers, st_stairs_10, cheibrodos_lair_reptile_den,
          grunt_megastairs_2
Lair:2:   layout_chaotic_city, nicolae_spider_entry_non_spiders,
          grunt_megastairs_5, uniq_maggie, uniq_fannar
Lair:3:   layout_hall_layers, minmay_shoals_entry_hut,
          grunt_forest_stairs_basic, chequers_serial_rivers_micro_e
Lair:4:   layout_loops_ring, slime_entry_1, gammafunk_ghost_ooze,
          grunt_megastairs_1, uniq_urug
Lair:5:   wormcave, layout_layer_cave, uniq_kirke

Skill      XL: |  1  2  3  4  5  6  7  8  9 10 11 12 13 14 |
---------------+-------------------------------------------+-----
Ice Magic      | 5 6 7 8 9 10 11 12 13 14 | 14.7
Spellcasting   | 3 4 5 6 7 8 |  8.2
Summonings     | 1 3 4 5 6 7 8 |  8.2
Fighting       | 1 3 4 5 6 7 |  7.7
Dodging        | 3 4 6 7 8 9 |  9.6
Invocations    | 1 3 4 5 6 7 |  7.6
Poison Magic   | 1 3 5 6 7 |  7.2
Evocations     | 1 3 4 5 6 |  6.5
Staves         | 1 2 3 |  3.5
Shields        | 2 4 |  4.2
Hexes          | 2 3 |  3.0
Stealth        | |  2.1

Action                     |  1- 3 |  4- 6 |  7- 9 | 10-12 | 13-15 || total
---------------------------+-------+-------+-------+-------+-------++-------
  Melee: Unarmed           |     8 |       |       |       |    10 ||    18
         Short sword       |    15 |    13 |       |       |       ||    28
         War axe           |     1 |       |       |       |       ||     1
         Staff             |       |    55 |   151 |   293 |   182 ||   681
         Punch             |       |       |     2 |       |       ||     2
         Tailslap          |       |       |       |     1 |       ||     1
  Throw: Dart              |       |     3 |       |       |       ||     3
   Cast: Freeze            |    59 |     3 |    14 |    28 |    11 ||   115
         Frozen Ramparts   |     1 |    53 |    37 |    74 |    54 ||   219
         Ozocubu's Armour  |       |    19 |    25 |    49 |    31 ||   124
         Ensorcelled Hiber |       |     4 |     4 |     5 |       ||    13
         Summon Ice Beast  |       |       |    17 |    25 |    18 ||    60
         Hailstorm         |       |       |    11 |    29 |     5 ||    45
         Summon Small Mamm |       |       |       |       |     8 ||     8
 Invoke: Channel Magic     |       |       |       |     1 |       ||     1
  Evoke: Wand              |       |       |     1 |     4 |     1 ||     6
         Box of beasts     |       |       |       |     1 |       ||     1
    Use: Scroll            |     4 |     9 |     7 |     8 |     6 ||    34
   Stab: Sleeping          |     1 |     1 |       |     1 |       ||     3
         Paralysed         |       |       |     4 |     7 |       ||    11
         Distracted        |       |       |     1 |     1 |     3 ||     5
 Armour: Robe              |    17 |    35 |    65 |     8 |       ||   125
         Steam dragon scal |       |       |       |   182 |    70 ||   252
         Skin              |       |       |       |       |     2 ||     2
  Dodge: Dodged            |    54 |    92 |   135 |   498 |   185 ||   964
  Block: Other             |       |       |    15 |    62 |     1 ||    78
         Reflection        |       |       |     2 |     3 |       ||     5
         Buckler           |       |       |       |   117 |   106 ||   223
